Map: Kairos Junction LE

Players

Lambo - Winner!

  • Race: Zerg Zerg
  • League: Grandmaster
  • Spawn Location: 11:00

Krr

  • Race: Protoss Protoss
  • League: Master
  • Spawn Location: 5:00

VOD

Have the link to the VOD?

Description

Time

  • Played on: Jan. 11, 2019, 12:53 p.m.
  • Length: 12:30
Show
View Real Time Build Order
Export as new Build Order

Lambo Zerg - Winner!

Build Orders: Hatch First, Swarm Host 

Get SALT Encoding   

  12  0:01  Drone  
  13  0:13  Overlord  
  13  0:18  Drone  
  14  0:31  Drone x2  
  16  0:48  Hatchery  
  15  0:52  Drone  
  15  0:56  Drone  
  17  0:59  Drone  
  18  1:10  Extractor  
  17  1:14  Spawning Pool  
  17  1:17  Drone  
  17  1:20  Drone  
  18  1:30  Drone  
  19  1:41  Drone  
  20  1:54  Overlord  
  20  2:01  Queen x2, Zergling x2  
  20  2:02  Zergling x2  
  26  2:11  Metabolic Boost  
  26  2:13  Drone  
  26  2:14  Drone  
  28  2:24  Drone  
  29  2:37  Hatchery  
  29  2:38  Drone  
  29  2:43  Drone x2  
  31  2:47  Drone  
  32  2:53  Overlord  
  32  3:02  Drone x2  
  32  3:04  Queen  
  35  3:14  Drone x2  
  35  3:15  Overlord  
  35  3:17  Drone x2  
  35  3:18  Drone x2  
  41  3:22  Drone  
  42  3:31  Spore Crawler  
  42  3:32  Drone x2  
  43  3:37  Zergling x4  
  45  3:43  Queen  
  45  3:46  Zergling x2  
  45  3:47  Zergling x2  
  49  3:50  Overlord  
  49  3:51  Drone  
  51  3:55  Drone  
  51  3:56  Queen, Spore Crawler  
  51  3:59  Overlord  
  51  4:00  Drone  
  53  4:11  Overlord  
  53  4:12  Drone x3  
  53  4:13  Drone x2  
  58  4:23  Drone x6  
  64  4:25  Drone  
  64  4:28  Lair  
  64  4:30  Roach Warren  
  64  4:38  Drone x2  
  64  4:39  Drone x2  
  64  4:43  Extractor x2  
  66  4:47  Drone x3  
  66  4:50  Drone x3  
  72  4:54  Queen  
  74  5:00  Overlord  
  74  5:01  Overlord  
  74  5:06  Extractor, Evolution Chamber  
  72  5:07  Extractor  
  72  5:08  Drone x3  
  74  5:15  Overlord  
  74  5:17  Overlord  
  74  5:19  Drone x2  
  74  5:20  Queen  
  78  5:23  Spore Crawler  
  78  5:25  Spore Crawler, Drone x4  
  78  5:27  Drone x2  
  78  5:28  Drone  
  83  5:29  Queen  
  83  5:32  Drone x3  
  83  5:34  Drone x2  
  89  5:35  Drone  
  89  5:38  Spore Crawler  
  89  5:42  Hydralisk Den, Drone x2  
  89  5:43  Drone  
  89  5:47  Zerg Missile Weapons Level 1  
  89  5:48  Drone x2  
  89  5:49  Extractor  
  91  5:55  Drone x5  
  96  6:07  Hatchery  
  95  6:12  Baneling Nest, Grooved Spines  
  95  6:14  Queen  
  95  6:17  Overlord x2  
  96  6:25  Infestation Pit  
  92  6:36  Drone x3  
  94  6:46  Hydralisk x6  
  96  6:50  Overlord x2  
  96  6:52  Extractor  
  96  6:53  Overlord  
  105  6:54  Overlord  
  105  7:10  Hydralisk x4  
  113  7:15  Baneling x2  
  113  7:18  Centrifical Hooks  
  113  7:23  Muscular Augments  
  113  7:30  Swarm Host x10  
  143  7:41  Overlord x2  
  143  7:43  Overlord  
  142  7:44  Zerg Missile Weapons Level 2  
  142  7:48  Overlord  
  142  7:54  Drone  
  142  7:58  Overlord  
  143  8:01  Drone x2  
  143  8:02  Swarm Host x4  
  157  8:07  Swarm Host x2  
  157  8:10  Zergling x2  
  157  8:11  Zergling x16  
  172  8:20  Zergling x10  
  172  8:26  Zergling x12  
  182  8:32  Hive  
  182  8:35  Overlord  
  182  8:37  Overlord, Spire  
  182  8:38  Overlord x2  
  182  8:40  Baneling x17  
  181  8:45  Overlord  
  181  8:52  Overlord  
  181  8:56  Spine Crawler  
  181  9:01  Baneling x16  
  180  9:05  Drone x4  
  180  9:08  Extractor  
  180  9:09  Hatchery  
  176  9:29  Zergling x36  
  174  9:39  Zergling x2  
  174  9:40  Zergling x10  
  177  9:47  Adrenal Glands  
  177  9:52  Hydralisk x6, Baneling x8  
  189  9:59  Greater Spire  
  188  10:03  Hydralisk x4  
  195  10:12  Baneling x12  
  191  10:17  Hydralisk  
  191  10:18  Zergling x12  
  199  10:22  Baneling x5  
  199  10:24  Zergling x2  
  199  10:25  Zergling x2  
  200  10:32  Hydralisk x2, Zergling x2  
  200  10:36  Overlord  
  197  10:44  Spine Crawler  
  197  10:46  Overseer  
  197  10:48  Overlord  
  197  10:49  Hatchery  
  193  10:51  Evolution Chamber  
  193  10:53  Corruptor x2  
  194  11:06  Corruptor x2  
  194  11:07  Corruptor  
  197  11:27  Corruptor x2  
  178  11:49  Brood Lord x3  
  178  11:54  Zergling x26  
  199  11:57  Hydralisk x2  
  200  12:08  Zergling x28  
Show
View Real Time Build Order
Export as new Build Order

Krr Protoss 

Build Orders: 1 Gate Expand, Oracle Opening, Phoenix Opening, Archon Immortal, Mass Phoenix 

Get SALT Encoding   

  12  0:02  Probe  
  13  0:14  Probe  
  14  0:18  Pylon  
  14  0:25  Probe  
  15  0:33  Probe  
  15  0:41  Probe  
  16  0:44  Gateway  
  16  0:46  Assimilator  
  17  0:52  Probe  
  18  1:04  Probe  
  19  1:16  Probe  
  20  1:23  Nexus  
  20  1:34  Cybernetics Core  
  20  1:37  Probe  
  21  1:42  Assimilator  
  21  1:50  Probe  
  22  1:54  Pylon  
  22  2:02  Probe  
  22  2:03  Adept  
  23  2:14  Probe  
  26  2:16  Stargate  
  26  2:22  Adept  
  26  2:26  Probe  
  27  2:31  Probe  
  27  2:33  Warp Gate  
  30  2:38  Probe  
  30  2:39  Probe  
  32  2:48  Adept  
  32  2:50  Probe  
  35  2:52  Probe  
  36  3:00  Phoenix  
  36  3:02  Probe  
  36  3:05  Probe  
  40  3:10  Pylon  
  40  3:14  Probe  
  40  3:17  Probe  
  42  3:21  Assimilator  
  42  3:25  Assimilator  
  42  3:26  Probe  
  43  3:27  Oracle  
  43  3:29  Probe  
  47  3:37  Gateway  
  47  3:39  Probe  
  48  3:41  Probe  
  49  3:49  Stargate  
  49  3:51  Probe  
  49  3:53  Probe  
  49  3:54  Pylon  
  51  4:03  Probe, Phoenix  
  51  4:04  Pylon  
  54  4:12  Probe  
  54  4:15  Probe  
  56  4:20  Phoenix  
  57  4:24  Probe  
  57  4:26  Phoenix  
  57  4:27  Probe  
  60  4:33  Pylon  
  62  4:38  Phoenix  
  62  4:41  Adept x2  
  62  4:43  Phoenix  
  70  4:59  Phoenix, Pylon  
  70  5:06  Phoenix  
  74  5:14  Nexus  
  74  5:18  Shield Battery  
  74  5:19  Probe x2  
  76  5:31  Probe x2  
  76  5:42  Robotics Facility  
  76  5:43  Probe x2  
  76  5:45  Robotics Facility  
  76  5:48  Twilight Council  
  78  5:54  Probe x2  
  78  5:55  Forge  
  80  6:00  Pylon  
  80  6:02  Probe x2  
  80  6:10  Probe x2  
  82  6:12  Pylon  
  82  6:15  Assimilator  
  82  6:16  Assimilator  
  84  6:21  Probe  
  84  6:22  Probe  
  86  6:28  Protoss Ground Weapons Level 1  
  86  6:30  Immortal x2  
  86  6:33  Probe  
  86  6:34  Probe  
  92  6:40  Probe  
  92  6:46  Probe x2  
  93  6:48  Charge  
  93  6:50  Templar Archives  
  93  6:52  Gateway x2, Probe  
  94  6:58  Probe x2  
  94  7:00  Pylon  
  96  7:01  Pylon  
  96  7:03  Pylon  
  96  7:04  Probe  
  97  7:17  Immortal x2  
  97  7:20  Gateway  
  97  7:22  Gateway  
  105  7:34  Psionic Storm, Gateway  
  105  7:35  Gateway  
  103  7:39  High Templar x2  
  103  7:41  Probe x3  
  109  7:45  Photon Cannon  
  109  7:47  High Templar x2  
  109  7:50  Gateway  
  109  7:51  Gateway, Immortal  
  113  7:52  Immortal  
  121  8:05  Pylon  
  121  8:06  Pylon  
  121  8:12  High Templar x2  
  123  8:19  Pylon  
  125  8:20  Pylon  
  125  8:24  Observer  
  124  8:30  Observer  
  124  8:33  High Templar x2, Zealot x4  
  138  8:36  Archon  
  138  8:39  Nexus  
  138  8:40  Pylon  
  138  8:42  Warp Prism  
  138  8:47  Zealot x4  
  146  8:54  Warp Prism  
  148  8:57  High Templar x2, Zealot x2  
  148  8:59  Pylon  
  148  9:01  Archon  
  156  9:13  High Templar x2  
  156  9:14  Zealot x3  
  156  9:15  Zealot  
  168  9:19  Archon  
  130  9:32  High Templar  
  130  9:33  High Templar, Zealot x2  
  134  9:44  Zealot x4  
  122  9:48  Zealot x2  
  122  9:50  Immortal x2  
  134  10:08  Archon x3  
  134  10:12  Zealot x8  
  134  10:13  Zealot x2  
  154  10:35  High Templar x3  
  135  10:36  High Templar x3  
  135  10:37  Zealot x4  
  135  10:38  Probe  
  135  10:39  Probe x2  
  135  10:40  Archon  
  135  10:41  Archon x2  
  156  11:08  Immortal x2  
  156  11:09  Zealot x7  
  156  11:10  Zealot x2  
  156  11:11  Zealot  
  161  11:30  High Templar x3  
  161  11:31  High Templar  
  161  11:32  High Templar, Zealot  
  161  11:33  Zealot x4  
  145  12:04  Zealot x10  
Tags
 
Add a new tag
Caveats
  • Supply blocks, unpowered buildings, or Contaminate may cause inaccurate times.
  • Supply counts are checked every 10 seconds.